 Dungeon Crawl Stone Soup version 0.23.1 (webtiles) character file.

Game seed: 7237384222073760089

124 PentaManta the Slinger (level 5, 0/34 HPs)
             Began as a Halfling Hunter on Mar 13, 2019.
             Succumbed to an orc priest's poison
             ... on level 3 of the Dungeon.
             The game lasted 00:04:19 (1169 turns).

PentaManta the Slinger (Halfling Hunter)            Turns: 1169, Time: 00:04:20

Health: 0/34       AC:  4    Str: 14    XL:     5   Next: 30%
Magic:  5/5        EV: 14    Int:  9    God:
Gold:   120        SH:  0    Dex: 15    Spells: 4/4 levels left

rFire    . . .     SeeInvis .   b - +0 short sword
rCold    . . .     Gourm    .   (shield restricted)
rNeg     . . .     Faith    .   c - +0 leather armour
rPois    .         Spirit   .   q - +0 helmet
rElec    .         Reflect  .   (no cloak)
rCorr    .         Harm     .   (no gloves)
MR       .....                  (no boots)
Stlth    +.........             (no amulet)
HPRegen  0.11/turn              (no ring)
MPRegen  0.09/turn              (no ring)

@: confused, lethally poisoned (0 -> -44), flying, very slightly contaminated,
hasted, invisible, very quick
A: small, mutation resistance 1
a: no special abilities


You were on level 3 of the Dungeon.
You were hungry.

You visited 1 branch of the dungeon, and saw 3 of its levels.

You collected 120 gold pieces.

Inventory:

Hand Weapons
 a - a +1 hunting sling
 b - a +0 short sword (weapon)
Missiles
 i - 48 stones (quivered)
 s - 14 poisoned needles
Armour
 c - a +0 leather armour (worn)
 q - a +0 helmet (worn)
 r - a +0 plate armour
Jewellery
 e - an uncursed amulet of magic regeneration {unknown}
 n - an uncursed amulet of guardian spirit {unknown}
 o - a +3 ring of dexterity {unknown}
Scrolls
 g - a scroll of fear {unknown}
 k - 2 scrolls of identify {unknown}
 l - 3 scrolls of remove curse {unknown}
 t - a scroll of enchant armour {unknown}
Potions
 j - a potion of flight
Comestibles
 f - 6 rations


   Skills:
 - Level 1.7 Fighting
 * Level 8.4 Slings
 - Level 2.1 Dodging
 + Level 2.8 Stealth


You had 4 spell levels left.
You didn't know any spells.
Your spell library was empty.

Dungeon Overview and Level Annotations

Branches:
Dungeon (3/15)

Altars:
Qazlal


Innate Abilities, Weirdness & Mutations

You are small and have problems with some larger weapons.
You are somewhat resistant to further mutation.


Message History

It was a potion of haste.
You feel yourself speed up.
* * * LOW HITPOINT WARNING * * *
You feel very sick.
It was a potion of invisibility.
You fade into invisibility!
* * * LOW HITPOINT WARNING * * *
You feel sick. The orc priest closely misses you.
You are very lightly contaminated with residual magic.
You're too confused to move!
* * * LOW HITPOINT WARNING * * *
You feel sick.
The orc priest hits you with a +0 hand axe of venom.
* * * LOW HITPOINT WARNING * * *
You are more poisoned.
Okay, then.
You're too confused!
You're too confused!
You closely miss the orc priest.
The orc priest is heavily wounded.
You die...

###
#.#######
#.or((...
#@# #.#
#.# #.#
#.######
#.#....#
#.####.#
#.# #.#
#.# #.#


You could see an orc priest and a rat.

Vanquished Creatures
  An orc wizard (D:3)
  5 adders (D:2)
  2 worms (D:2)
  A dart slug (D:1)
  A leopard gecko (D:2)
  3 orcs (D:3)
  2 bats
  6 giant cockroaches
  5 goblins
  A hobgoblin (D:2)
  2 ball pythons (D:2)
  A frilled lizard (D:1)
  2 kobolds (D:2)
  10 rats
42 creatures vanquished.

Notes
Turn   | Place    | Note
-------+----------+-------------------------------------------
     0 | D:1      | PentaManta the Halfling Hunter began the quest for the Orb.
     0 | D:1      | Reached XP level 1. HP: 14/14 MP: 1/1
    89 | D:1      | Reached skill level 6 in Slings
   122 | D:1      | Reached XP level 2. HP: 19/19 MP: 2/2
   501 | D:2      | Reached skill level 7 in Slings
   501 | D:2      | Reached XP level 3. HP: 24/24 MP: 3/3
   590 | D:2      | Reached XP level 4. HP: 29/29 MP: 4/4
   680 | D:2      | Found a stormy altar of Qazlal.
   844 | D:2      | Reached skill level 8 in Slings
  1131 | D:3      | Reached XP level 5. HP: 34/34 MP: 5/5
  1168 | D:3      | HP: 1/34 [orc priest/+0 hand axe of venom (5)]
  1169 | D:3      | Succumbed to an orc priest's poison

Skill      XL: |  1  2  3  4 |
---------------+-------------+-----
Slings         | 6 7 8 |  8.4
Stealth        | 2 |  2.8
Fighting       | |  1.7
Dodging        | |  2.1

Action                   |  1- 3 |  4- 6 || total
-------------------------+-------+-------++-------
Melee: Short sword       |       |     5 ||     5
 Fire: Hunting sling     |    82 |    67 ||   149
  Use: Potion            |       |     4 ||     4
Armor: Leather armour    |     5 |     3 ||     8
Dodge: Dodged            |    13 |     7 ||    20
